AAA EAST
WORCESTER RED SOX @ IOWA CUBS
04/08/2042
 
TOP OF THE 1ST
Worcester Red Sox batting - Pitching for Iowa Cubs : LHP Chad Edmonds
Pitching: LHP Chad Edmonds
Batting: LHB Doug Rush 0-0: Foul Ball, location: 7LSF
0-1: Foul Ball, location: 3F
0-2: Ball
1-2: Ball
2-2: Ground out 4-3 (Groundball, 4, EV 98.8 MPH)
Batting: LHB Manny Escobedo 0-0: Ball
1-0: Called Strike
1-1: Ball
2-1: Foul Ball, location: 23FF
2-2: Ground out U3 (Groundball, 3S, EV 78.8 MPH)
Batting: SHB Tony Robles 0-0: Ball
1-0: Swinging Strike
1-1: Foul Ball, location: 2F
1-2: Fly out, F8 (Flyball, 8RD, EV 96.9 MPH)
Top of the 1st over - 0 runs, 0 hits, 0 errors, 0 left on base; Worcester 0 - Iowa 0
BOTTOM OF THE 1ST
Iowa Cubs batting - Pitching for Worcester Red Sox : RHP Charlie Alexander
Pitching: RHP Charlie Alexander
Batting: LHB Deron Hatfield 0-0: Called Strike
0-1: Foul Ball, location: 3FF
0-2: Ball
1-2: Strikes out swinging
Batting: RHB Don Rivas 0-0: Ground out U3 (Groundball, 3S, EV 68.8 MPH)
Batting: LHB Mauro Martínez 0-0: Fly out, F6 (Popup, 6, EV 49.4 MPH)
Bottom of the 1st over - 0 runs, 0 hits, 0 errors, 0 left on base; Worcester 0 - Iowa 0
TOP OF THE 2ND
Worcester Red Sox batting - Pitching for Iowa Cubs : LHP Chad Edmonds
Batting: LHB Pete Holmes 0-0: Swinging Strike
0-1: Swinging Strike
0-2: Ball
1-2: Ball
2-2: Fly out, F8 (Flyball, 8RM, EV 85.0 MPH)
Batting: LHB José Maestas 0-0: DOUBLE (Flyball, 78XD, EV 97.5 MPH)
Batting: SHB Rubén Díaz 0-0: Called Strike
0-1: Fly out, F8 (Line Drive, 8RM, EV 76.9 MPH)
Batting: LHB Bobby Dotson 0-0: Called Strike
0-1: Called Strike
0-2: Strikes out swinging
Top of the 2nd over - 0 runs, 1 hit, 0 errors, 1 left on base; Worcester 0 - Iowa 0
BOTTOM OF THE 2ND
Iowa Cubs batting - Pitching for Worcester Red Sox : RHP Charlie Alexander
Batting: RHB José Féliz 0-0: Foul Ball, location: 9LDF
0-1: Foul Ball, location: 7LDF
0-2: Foul Ball, location: 2LF
0-2: Ball
1-2: Ground out 6-3 (Groundball, 6, EV 112.5 MPH)
Batting: RHB Víctor Aquino 0-0: Called Strike
0-1: Swinging Strike
0-2: Ball
1-2: Strikes out looking
Batting: RHB Dewitt Bass 0-0: Ball
1-0: Ground out 5-3 (Groundball, 56S, EV 81.3 MPH)
Bottom of the 2nd over - 0 runs, 0 hits, 0 errors, 0 left on base; Worcester 0 - Iowa 0
TOP OF THE 3RD
Worcester Red Sox batting - Pitching for Iowa Cubs : LHP Chad Edmonds
Batting: LHB Roger Lenoir 0-0: Ball
1-0: Ball
2-0: SINGLE (Line Drive, 7S, EV 106.3 MPH)
Batting: RHB Jorge Francots 0-0: Ball
Roger Lenoir is caught stealing 2nd base 2-4
1-0: Called Strike
1-1: Ground out 6-3 (Groundball, 6S, EV 81.3 MPH)
Batting: LHB Doug Rush 0-0: Ball
1-0: Ball
2-0: Swinging Strike
2-1: Foul Ball, location: 7LSFF
2-2: Ball
3-2: Strikes out swinging
Top of the 3rd over - 0 runs, 1 hit, 0 errors, 0 left on base; Worcester 0 - Iowa 0
BOTTOM OF THE 3RD
Iowa Cubs batting - Pitching for Worcester Red Sox : RHP Charlie Alexander
Batting: RHB Bob Saunders 0-0: Foul Ball, location: 2F
0-1: Ball
1-1: Foul Ball, location: 5F
1-2: Ball
2-2: Foul Ball, location: 23F
2-2: Foul Ball, location: 2RF
2-2: Strikes out looking
Batting: RHB Wilson Díaz 0-0: Ball
1-0: Ball
2-0: Foul Ball, location: 3FF
2-1: Fly out, F7 (Line Drive, 78M, EV 107.5 MPH)
Batting: RHB Raúl Morales 0-0: Foul Ball, location: 9LSF
0-1: Swinging Strike
0-2: Strikes out swinging
Bottom of the 3rd over - 0 runs, 0 hits, 0 errors, 0 left on base; Worcester 0 - Iowa 0
TOP OF THE 4TH
Worcester Red Sox batting - Pitching for Iowa Cubs : LHP Chad Edmonds
Batting: LHB Manny Escobedo 0-0: SINGLE (Groundball, 34, EV 83.8 MPH)
Batting: SHB Tony Robles 0-0: Called Strike
Manny Escobedo is caught stealing 2nd base 2-4
0-1: DOUBLE (Groundball, 5L, EV 101.9 MPH)
Batting: LHB Pete Holmes 0-0: Called Strike
0-1: Ball
1-1: Fly out, F8 (Flyball, 8LXD, EV 78.1 MPH)
Runner from 2nd tags up, SAFE at 3rd, no throw by CF
Batting: LHB José Maestas 0-0: Called Strike
0-1: Swinging Strike
0-2: Foul Ball, location: 23FF
0-2: Ball
1-2: Ball
2-2: Foul Ball, location: 7LDF
2-2: Foul Ball, location: 2F
2-2: Ball
3-2: Foul Ball, location: 2F
3-2: Foul Ball, location: 7LMF
3-2: Strikes out swinging
Top of the 4th over - 0 runs, 2 hits, 0 errors, 1 left on base; Worcester 0 - Iowa 0
BOTTOM OF THE 4TH
Iowa Cubs batting - Pitching for Worcester Red Sox : RHP Charlie Alexander
Batting: LHB Deron Hatfield 0-0: Swinging Strike
0-1: Called Strike
0-2: Ball
1-2: Strikes out swinging
Batting: RHB Don Rivas 0-0: Called Strike
0-1: Foul Ball, location: 23F
0-2: Foul Ball, location: 2F
0-2: Ball
1-2: Ball
2-2: Foul Ball, location: 9LSF
2-2: Foul Ball, location: 2F
2-2: Strikes out swinging
Batting: LHB Mauro Martínez 0-0: Ball
1-0: Ball
2-0: Foul Ball, location: 2F
2-1: Swinging Strike
2-2: Ball
3-2: Base on Balls
Batting: RHB José Féliz 0-0: Ball
1-0: Ball
2-0: Fly out, F7 (Flyball, 78M, EV 82.5 MPH)
Bottom of the 4th over - 0 runs, 0 hits, 0 errors, 1 left on base; Worcester 0 - Iowa 0
TOP OF THE 5TH
Worcester Red Sox batting - Pitching for Iowa Cubs : LHP Chad Edmonds
Batting: SHB Rubén Díaz 0-0: Ball
1-0: Fly out, F8 (Flyball, 8RD, EV 110.6 MPH)
Batting: LHB Bobby Dotson 0-0: Ball
1-0: Ball
2-0: Called Strike
2-1: Fly out, F7 (Flyball, 7, EV 91.3 MPH)
Batting: LHB Roger Lenoir 0-0: Ball
1-0: Called Strike
1-1: Ball
2-1: SINGLE (Line Drive, 4MD, EV 94.4 MPH)
Batting: RHB Jorge Francots 0-0: Foul Ball, location: 2F
0-1: Called Strike
0-2: Foul Ball, location: 2F
0-2: Foul Ball, location: 2F
0-2: Ground out 4-3 (Groundball, 4S, EV 86.3 MPH)
Top of the 5th over - 0 runs, 1 hit, 0 errors, 1 left on base; Worcester 0 - Iowa 0
BOTTOM OF THE 5TH
Iowa Cubs batting - Pitching for Worcester Red Sox : RHP Charlie Alexander
Batting: RHB Víctor Aquino 0-0: Swinging Strike
0-1: Ball
1-1: Swinging Strike
1-2: Strikes out swinging
Batting: RHB Dewitt Bass 0-0: Ball
1-0: Ball
2-0: Fly out, F8 (Flyball, 8LXD, EV 88.8 MPH)
Batting: RHB Bob Saunders 0-0: Fly out, F8 (Flyball, 8RXD, EV 95.6 MPH)
Bottom of the 5th over - 0 runs, 0 hits, 0 errors, 0 left on base; Worcester 0 - Iowa 0
TOP OF THE 6TH
Worcester Red Sox batting - Pitching for Iowa Cubs : LHP Chad Edmonds
Batting: LHB Doug Rush 0-0: SINGLE (Groundball, 34D, EV 96.9 MPH)
Batting: LHB Manny Escobedo 0-0: Ball
1-0: Called Strike
Doug Rush steals 2nd base
1-1: Swinging Strike
1-2: SINGLE (Flyball, 8RS, EV 90.6 MPH)
Doug Rush to third
Runner from 3rd tries for Home, SAFE, throw by CF to home
Manny Escobedo to second
Batting: SHB Tony Robles 0-0: Called Strike
0-1: Ground out 5-3 (Groundball, 56, EV 86.3 MPH)
Batting: LHB Pete Holmes 0-0: Ball
1-0: Foul Ball, location: 2F
1-1: Called Strike
1-2: Ball
2-2: Strikes out swinging
Batting: LHB José Maestas 0-0: Called Strike
0-1: Foul Ball, location: 2F
0-2: Strikes out swinging
Top of the 6th over - 1 run, 2 hits, 0 errors, 1 left on base; Worcester 1 - Iowa 0
BOTTOM OF THE 6TH
Iowa Cubs batting - Pitching for Worcester Red Sox : RHP Charlie Alexander
Batting: RHB Wilson Díaz 0-0: Called Strike
0-1: Ball
1-1: SINGLE (Groundball, 4MD, EV 99.4 MPH)
Batting: RHB Raúl Morales 0-0: Sac Bunt to 15 - play at first, batter safe!
Wilson Díaz to second
Batting: LHB Deron Hatfield 0-0: Called Strike
0-1: Ball
1-1: Ball
2-1: Ball
3-1: Bunt missed!
3-2: Fielders Choice at 2nd, 5-4 (Groundball, 56, EV 81.9 MPH)
Wilson Díaz to third
Batting: RHB Don Rivas 0-0: Ball
1-0: Ball
Deron Hatfield is caught stealing 2nd base 2-4
2-0: Fly out, F4 (Popup, 3S, EV 83.8 MPH)
Bottom of the 6th over - 0 runs, 2 hits, 0 errors, 1 left on base; Worcester 1 - Iowa 0
TOP OF THE 7TH
Worcester Red Sox batting - Pitching for Iowa Cubs : LHP Chad Edmonds
Batting: SHB Rubén Díaz 0-0: Ball
1-0: Foul Ball, location: 2F
1-1: Fly out, F7 (Line Drive, 78S, EV 97.5 MPH)
Batting: LHB Bobby Dotson 0-0: Ball
1-0: Called Strike
1-1: Hit by Pitch
Batting: LHB Roger Lenoir 0-0: Ground out 5-3 (Groundball, 56, EV 85.6 MPH)
Bobby Dotson to second
Batting: RHB Jorge Francots 0-0: Called Strike
0-1: Ball
1-1: Ball
2-1: Ground out 5-3 (Groundball, 56, EV 101.9 MPH)
Top of the 7th over - 0 runs, 0 hits, 0 errors, 1 left on base; Worcester 1 - Iowa 0
BOTTOM OF THE 7TH
Iowa Cubs batting - Pitching for Worcester Red Sox : RHP Charlie Alexander
Batting: LHB Mauro Martínez 0-0: Ball
1-0: Ball
2-0: Foul Ball, location: 3FF
2-1: Ball
3-1: Base on Balls
Batting: RHB José Féliz 0-0: Ball
1-0: Fly out, F6 (Popup, 6S, EV 67.5 MPH)
Batting: RHB Víctor Aquino 0-0: Ball
1-0: Called Strike
1-1: Fly out, F7 (Line Drive, 78S, EV 87.5 MPH)
Batting: RHB Dewitt Bass 0-0: Ball
1-0: Foul Ball, location: 7LDF
1-1: Foul Ball, location: 5FF
1-2: Strikes out swinging
Bottom of the 7th over - 0 runs, 0 hits, 0 errors, 1 left on base; Worcester 1 - Iowa 0
TOP OF THE 8TH
Worcester Red Sox batting - Pitching for Iowa Cubs : LHP Chad Edmonds
Batting: LHB Doug Rush 0-0: Called Strike
0-1: Foul Ball, location: 7LMF
0-2: Ball
1-2: Foul Ball, location: 5FF
1-2: Ball
2-2: Foul Ball, location: 7LDF
2-2: Ground out 6-3 (Groundball, 6, EV 103.1 MPH)
Batting: LHB Manny Escobedo 0-0: Ball
1-0: Ball
2-0: Ball
3-0: Base on Balls
Batting: SHB Tony Robles 0-0: Called Strike
0-1: Ball
Manny Escobedo is caught stealing 2nd base 2-4
1-1: Ball
2-1: Ball
3-1: Foul Ball, location: 5SF
3-2: Strikes out looking
Top of the 8th over - 0 runs, 0 hits, 0 errors, 0 left on base; Worcester 1 - Iowa 0
BOTTOM OF THE 8TH
Iowa Cubs batting - Pitching for Worcester Red Sox : RHP Charlie Alexander
Batting: RHB Bob Saunders 0-0: SOLO HOME RUN (Flyball, 8LXD, EV 105.0 MPH), Distance : 418 ft
Pinch Hitting: RHB Jimmy Shaw 0-0: Called Strike
0-1: Ball
1-1: Fly out, F6 (Line Drive, 6, EV 71.9 MPH)
Batting: RHB Raúl Morales 0-0: Ball
1-0: Called Strike
1-1: Ball
2-1: Called Strike
2-2: SINGLE (Groundball, 6MS, EV 68.8 MPH) (infield hit)
Batting: LHB Deron Hatfield 0-0: Called Strike
Raúl Morales steals 2nd base (no throw)
0-1: Foul Ball, location: 2F
0-2: Foul Ball, location: 2F
0-2: Foul Ball, location: 2F
0-2: Strikes out swinging
Batting: RHB Don Rivas 0-0: Called Strike
0-1: Ball
1-1: SINGLE (Groundball, 6MD, EV 97.5 MPH)
Raúl Morales to third
Runner from 3rd tries for Home, SAFE, throw by CF to home
Batting: LHB Mauro Martínez 0-0: Called Strike
Don Rivas is caught stealing 2nd base 2-6
Bottom of the 8th over - 2 runs, 3 hits, 0 errors, 0 left on base; Worcester 1 - Iowa 2
TOP OF THE 9TH
Worcester Red Sox batting - Pitching for Iowa Cubs : LHP Chad Edmonds
Pitching: RHP Raúl González
Now at C: Raúl Molina
Batting: LHB Pete Holmes 0-0: Called Strike
0-1: Ball
1-1: Swinging Strike
1-2: Foul Ball, location: 5F
1-2: Foul Ball, location: 2F
1-2: Strikes out looking
Batting: LHB José Maestas 0-0: Ball
1-0: Called Strike
1-1: Ball
2-1: Called Strike
2-2: Foul Ball, location: 2F
2-2: Hit by Pitch
Batting: SHB Rubén Díaz 0-0: Called Strike
0-1: Called Strike
0-2: Foul Ball, location: 9LMF
0-2: Ball
1-2: Strikes out looking
Batting: LHB Bobby Dotson 0-0: Called Strike
0-1: Foul Ball, location: 5FF
0-2: Strikes out swinging
Top of the 9th over - 0 runs, 0 hits, 0 errors, 1 left on base; Worcester 1 - Iowa 2
Monday, April 29th , 2024 - OOTP Baseball 24.10 Build 82